 Dungeon Crawl Stone Soup version 0.28.0 (webtiles) character file.

Game seed: 14224981590666735580

20 pkoi the Conjurer (level 2, -3/20 HPs)
             Began as a Draconian Conjurer on Feb 17, 2022.
             Slain by a goblin (6 damage)
             ... led by Robin
             ... on level 2 of the Dungeon.
             The game lasted 00:01:02 (1671 turns).

pkoi the Conjurer (Draconian Conjurer)              Turns: 1671, Time: 00:01:02

Health: -3/20      AC:  4    Str:  9    XL:     2   Next: 58%
Magic:  5/5        EV: 12    Int: 18    God:
Gold:   62         SH:  0    Dex:  9    Spells: 2/5 levels left

rFire   . . .      SeeInvis .   h - +1 falchion (elec)
rCold   . . .      Faith    .   (no shield)
rNeg    . . .      Spirit   .   (armour unavailable)
rPois   .          Reflect  .   (helmet restricted)
rElec   .          Harm     .   (no cloak)
rCorr   .          Rampage  .   (no gloves)
Will    .....                   (no boots)
Stlth   ++........              (no amulet)
HPRegen 0.06/turn               (no ring)
MPRegen 0.09/turn               (no ring)

@: no status effects
A: AC +4, unfitting armour, cold-blooded
a: no special abilities


You were on level 2 of the Dungeon.
You visited 1 branch of the dungeon, and saw 2 of its levels.

You collected 62 gold pieces.

Inventory:

Hand Weapons
 a - a +0 dagger
 h - a +1 falchion of electrocution (weapon)
Scrolls
 b - 2 scrolls of identify {unknown}
 c - a scroll of magic mapping {unknown}
 f - a scroll of holy word {unknown}
 g - a scroll of blinking {unknown}
Potions
 d - 3 potions of heal wounds {unknown}
 e - a potion of magic {unknown}


   Skills:
 - Level 1.7 Dodging
 - Level 1.7 Stealth
 - Level 2.0 Spellcasting
 + Level 4.8 Conjurations


You had 2 spell levels left.
You knew the following spells:

 Your Spells              Type           Power      Damage    Failure   Level
a - Magic Dart            Conj           76%        1d6       2%          1
b - Searing Ray           Conj           38%        2d5       3%          2

Your spell library contained the following spells:

 Spells                   Type           Power      Damage    Failure   Level
 Dazzling Flash           Conj/Hex       20%        N/A       21%         3
 Fulminant Prism          Conj/Hex       5%         3d7       56%         4
 Iskenderun's Mystic Bla  Conj/Tloc      10%        2d4       56%         4


Dungeon Overview and Level Annotations

Branches:
Dungeon (2/15)

Altars:

Annotations:
D:2 Robin


Innate Abilities, Weirdness & Mutations

Your plain brown scales are hard. (AC +4)
You cannot fit into any form of body armour.
You are cold-blooded and may be slowed by cold attacks.


Message History

The goblin closely misses you.
The goblin shouts!
The goblin closely misses you.
The goblin shouts! x2
You hit the goblin but do no damage.
You hear an angry hiss.
Robin throws the goblin at you! The goblin hits you with a +0 club.
The goblin hits you with a +0 dagger.
* * * LOW HITPOINT WARNING * * *
Unknown command.
You hear the crackle of electricity.
h - a +1 falchion of electrocution (weapon)
Unknown command.
The hobgoblin shouts!
You hit the goblin.
The goblin is severely wounded.
The goblin hits you with a +0 club.
* * * LOW HITPOINT WARNING * * *
The goblin misses you. The goblin closely misses you.
Robin roars a battlecry!
The goblins go into a battle-frenzy!
A ball python comes into view.
The goblin barely misses you.
You barely miss the goblin.
The goblin is severely wounded.
The goblin closely misses you. x2; The goblin hits you with a +0 club.
* * * LOW HITPOINT WARNING * * *
The goblin hits you with a +0 club.
* * * LOW HITPOINT WARNING * * *
The goblin closely misses you.
You barely miss the goblin.
Your tail-slap misses the goblin.
The goblin is severely wounded.
The goblin closely misses you.
The goblin hits you but does no damage. x2
Unknown command.
You slash the goblin! Lightning courses through the goblin!
You kill the goblin!
The goblin hits you with a +0 club.
* * * LOW HITPOINT WARNING * * *
The goblin hits you with a +0 club.
You die...

#.###.....##
#.# ###
#.##.......##
#†#
#.#..#####..##
#.# #..
#...###.# #.
#....##.# .
#....##.#
....#####..#.#
......g)##.#
.#.####@# #
#g#


#gg SgS. #gg.. #g...♣ #..... #.....♣ You could see Robin, an adder, a hobgoblin
(strong), 6 goblins and a ball python.

Vanquished Creatures
  An endoplasm (D:1)
  A giant cockroach (D:2)
  2 goblins
  A hobgoblin (D:1)
  A quokka (D:1)
  5 ball pythons
  3 bats
  2 frilled lizards
  3 kobolds
  2 rats
21 creatures vanquished.

Notes
Turn   | Place    | Note
-------+----------+-------------------------------------------
     0 | D:1      | pkoi the Draconian Conjurer began the quest for the Orb.
     0 | D:1      | Reached XP level 1. HP: 14/14 MP: 3/3
   936 | D:1      | Reached XP level 2. HP: 20/20 MP: 3/5
  1437 | D:2      | Learned a level 2 spell: Searing Ray
  1465 | D:2      | Found a faded altar of an unknown god.
  1663 | D:2      | Noticed Robin
  1671 | D:2      | Slain by a goblin

Illustrated notes

Levels and vault maps discovered:
D:1:      minmay_arrival_nine_rooms, layout_loops_ring, serial_rivers,
          chequers_serial_rivers_micro_b, chequers_serial_rivers_micro_b,
          chequers_serial_rivers_micro_a, chequers_serial_rivers_room_b,
          chequers_serial_rivers_micro_a, chequers_serial_rivers_room_a,
          chequers_jeans, st_stairs_3, chequers_serial_rivers_micro_e
D:2:      layout_loops_ring, serial_shops, nicolae_shop_trees,
          basic_ecumenical_altar, nicolae_elevator_lobby_asterisk, uniq_robin

Action                   || total
-------------------------++-------
Melee: Dagger            ||     6
       Tailslap          ||     1
       Falchion          ||     4
 Cast: Magic Dart        ||    32
Armor: Skin              ||     4
Dodge: Dodged            ||    12
